 Dungeon Crawl Stone Soup version 0.21-a0-88-g13b9641 (webtiles) character file.

1335 smhtbhfam the Cleaver (level 8, -8/68 HPs)
             Began as a Deep Dwarf Fighter on June 26, 2017.
             Was a Follower of Makhleb.
             Mangled by an ogre
             ... wielding a +0 giant spiked club
              (27 damage)
             ... on level 6 of the Dungeon.
             The game lasted 00:10:45 (1772 turns).

smhtbhfam the Cleaver (Deep Dwarf Fighter)          Turns: 1772, Time: 00:10:47

Health: -8/68      AC: 10    Str: 21    XL:     8   Next: 35%
Magic:  13/13      EV:  7    Int:  9    God:    Makhleb [*.....]
Gold:   141        SH: 10    Dex: 13    Spells: 7/7 levels left

rFire    . . .     SeeInvis .   a - +0 war axe
rCold    . . .     Gourm    .   c - +0 shield
rNeg     . . .     Faith    .   b - +0 scale mail
rPois    .         Spirit   .   (no helmet)
rElec    .         Reflect  .   (no cloak)
rCorr    .         Harm     .   (no gloves)
MR       +....                  q - +2 pair of boots
Stlth    ..........             (no amulet)
HPRegen  0.00/turn              n - ring of magical power (curse)
MPRegen  0.13/turn              (no ring)

@: non-regenerating
A: damage resistance, heal wounds, sense surroundings 1, no regeneration
a: Heal Wounds, Renounce Religion


You were on level 6 of the Dungeon.
You worshipped Makhleb.
Makhleb was aware of your devotion.
You were not hungry.

You visited 1 branch of the dungeon, and saw 7 of its levels.

You collected 141 gold pieces.

Inventory:

Hand Weapons
 a - a +0 war axe (weapon)
 t - a +0 battleaxe
Armour
 b - a +0 scale mail (worn)
 c - a +0 shield (worn)
 q - a +2 pair of boots (worn)
Jewellery
 n - a cursed ring of magical power (left hand)
 x - an uncursed ring of ice
Scrolls
 h - 5 scrolls of remove curse {unknown}
 i - 2 scrolls of blinking {unknown}
 j - a scroll of immolation {unknown}
 m - a scroll of noise {unknown}
 o - 2 scrolls of magic mapping {unknown}
 p - 3 scrolls of identify {unknown}
 s - 2 scrolls of teleportation {unknown}
 v - a scroll of recharging {unknown}
Potions
 e - a potion of haste {unknown}
 f - 2 potions of might
 k - 2 potions of lignification {unknown}
 l - a potion of heal wounds {unknown}
 u - a potion of berserk rage {unknown}
 w - 4 potions of curing {unknown}
 z - a potion of degeneration {unknown}
Comestibles
 d - 2 bread rations
 g - 14 chunks of flesh
 r - 3 meat rations


   Skills:
 - Level 2.6 Fighting
 + Level 10.3 Axes
 - Level 3.2 Armour
 + Level 5.6 Shields


You had 7 spell levels left.
You didn't know any spells.

Dungeon Overview and Level Annotations

Branches:
Dungeon (7/15)
 Temple: D:4-7

Altars:
Ashenzari
Makhleb
Zin
The Shining One

Annotations:
D:2 Sigmund
D:7 Dowan; Duvessa; tstbtto's ghost, novice TrFi


Innate Abilities, Weirdness & Mutations

You are resistant to damage.
You can heal yourself by infusing magical energy.
You passively map a small area around you.
You do not regenerate.


Message History

Unknown command.
The orc closely misses you.
The orc priest calls down the wrath of Beogh upon you.
Beogh smites you!
Items here: ))) [[ รท Dowan shouts!
You block the orc's attack.
There is a stone staircase leading up here.
Dowan casts a spell.
Dowan blinks!
You block the orc's attack.
The ogre hits you with a giant spiked club!!
* * * LOW HITPOINT WARNING * * *
You climb upwards.
There is a stone staircase leading down here.
Your magical essence is drained by the effort!
You feel much better. You block the orc's attack.
The ogre hits you with a giant spiked club!
The orc hits you from afar with a trident.
The ogre hits you with a giant spiked club!!
You die...

#.....#
.#*#.##'#.#
###.....#
*..
#.##.#.# *
..'.....#
.##.##.#.#
* ###.....#
..#.##.#.#
#######
#.#.##.#.#
*
#.#.##.#.#
*
#.#.##.#.#
,
#...##.#.#
##@.##<#.#
#.O####.#
##>o....#
########
#########
.......)#
#######.#
#.# #.#


You could see an ogre and an orc.

Vanquished Creatures
  A hippogriff (D:6)
  A sky beast (D:5)
  Purgy (D:4)
  A necrophage (D:5)
  An ogre (D:6)
  A centaur (D:5)
  Blork the orc (D:4)
  2 bullfrogs (D:7)
  A wyvern skeleton (D:6)
  2 scorpions (D:6)
  A howler monkey (D:5)
  A crimson imp (D:4)
  3 orc wizards (D:7)
  Jessica (D:2)
  2 iguanas
  A worker ant (D:7)
  A hound skeleton (D:4)
  3 gnolls (D:5)
  An adder (D:4)
  2 worms
  A dart slug (D:1)
  A leopard gecko (D:3)
  7 orcs
  7 giant cockroaches
  3 goblins
  8 hobgoblins
  4 jackals (D:1)
  6 kobolds
  2 quokkas
  2 bats (D:2)
  5 frilled lizards
  A goblin skeleton (D:4)
  3 goblin zombies (D:4)
  3 hobgoblin zombies (D:4)
  2 kobold skeletons (D:4)
  A kobold zombie (D:4)
  3 orc skeletons (D:4)
  4 rats
91 creatures vanquished.

Notes
Turn   | Place    | Note
-------+----------+-------------------------------------------
     0 | D:1      | smhtbhfam the Deep Dwarf Fighter began the quest for the Orb.
     0 | D:1      | Reached XP level 1. HP: 20/20 MP: 1/1
   209 | D:2      | Noticed Jessica
   221 | D:2      | Killed Jessica
   221 | D:2      | Reached skill level 4 in Axes
   221 | D:2      | Reached XP level 2. HP: 24/27 MP: 2/2
   221 | D:2      | Reached XP level 3. HP: 29/33 MP: 3/3
   342 | D:1      | Found a shattered altar of Ashenzari.
   517 | D:2      | Noticed Sigmund
   622 | D:3      | Found a glowing silver altar of Zin.
   684 | D:4      | HP: 5/33 [iguana (4)]
   687 | D:4      | Reached skill level 5 in Axes
   687 | D:4      | Reached XP level 4. HP: 25/40 MP: 4/4
   704 | D:4      | Noticed Blork the orc
   736 | D:4      | Killed Blork the orc
   736 | D:4      | Reached XP level 5. HP: 33/46 MP: 4/4
   812 | D:3      | Reached skill level 6 in Axes
  1034 | D:4      | Found a burning altar of Makhleb.
  1042 | D:4      | Became a worshipper of Makhleb the Destroyer
  1046 | D:4      | Noticed Purgy
  1061 | D:4      | Killed Purgy
  1061 | D:4      | Reached skill level 7 in Axes
  1061 | D:4      | Reached XP level 6. HP: 38/55 MP: 5/5
  1104 | D:4      | Found a glowing golden altar of the Shining One.
  1173 | D:5      | Entered Level 5 of the Dungeon
  1182 | D:5      | Noticed a sky beast
  1202 | D:5      | Killed a sky beast
  1224 | D:5      | Reached * piety under Makhleb
  1224 | D:5      | Reached skill level 8 in Axes
  1241 | D:5      | Reached XP level 7. HP: 47/60 MP: 5/5
  1271 | D:5      | Reached skill level 9 in Axes
  1526 | D:6      | Noticed a hippogriff
  1539 | D:6      | Reached skill level 4 in Shields
  1552 | D:6      | Killed a hippogriff
  1552 | D:6      | Reached XP level 8. HP: 39/68 MP: 5/5
  1673 | D:7      | Reached skill level 10 in Axes
  1673 | D:7      | Reached skill level 5 in Shields
  1725 | D:7      | Noticed Dowan
  1759 | D:7      | Noticed Duvessa
  1762 | D:7      | Noticed tstbtto's ghost (novice TrFi)
  1768 | D:7      | HP: 7/68 [ogre/giant spiked club (18)]
  1772 | D:6      | Mangled by an ogre

Vault maps used:
D:1:      arrival_zaba_pyramid, ashenzari_altar_1
D:2:      minmay_kobold_bridge, nicolae_dithmenos_through_a_glass_darkly,
          lemuel_round_altar, uniq_sigmund, uniq_jessica, uniq_natasha
D:3:      lemuel_round_altar, first_bread
D:4:      cheibrodos_helix_gallery, nicolae_tso_besieged_by_evil,
          lemuel_round_altar, kennysheep_another_room, uniq_blork_the_orc,
          uniq_purgy
D:5:      minmay_temple_entry_glass, st_stairs_7
D:7:      serial_glass, glass_columns_c, glass_columns_a, uniq_joseph,
          uniq_duvessa, uniq_prince_ribbit1, uniq_crazy_yiuf_cottage

Skill      XL: |  1  2  3  4  5  6  7  8 |
---------------+-------------------------+-----
Axes           | 4 5 7 8 9 10 | 10.3
Shields        | 4 5 |  5.6
Fighting       | |  2.6
Armour         | |  3.2

Action                   |  1- 3 |  4- 6 |  7- 9 || total
-------------------------+-------+-------+-------++-------
Melee: War axe           |    99 |   137 |   131 ||   367
 Abil: Heal Wounds       |     1 |     3 |     3 ||     7
  Eat: Chunk             |       |     2 |     2 ||     4
Armor: Scale mail        |    39 |    49 |    54 ||   142
Dodge: Dodged            |    26 |    34 |    35 ||    95
Block: Shield            |    57 |    66 |    63 ||   186
